 Dungeon Sprint DCSS version 0.30-a0-1074-g5db6f66fbb (webtiles) character file.

Game seed: 233515545323935230

621 fozzywoppz the Grappler (level 7, -10/78 HPs)
             Began as a Troll Fighter on Apr 13, 2023.
             Was a High Priest of Wu Jian.
             Mangled by a tyrant leech (18 damage)
             ... in the Dungeon (Sprint VII: "The Pits").
             The game lasted 00:02:07 (257 turns).

fozzywoppz the Grappler (Troll Fighter)              Turns: 257, Time: 00:02:08

Health: -10/78     AC:  4    Str: 25    XL:     7   Next: 22%
Magic:  6/6        EV: 11    Int:  4    God:    Wu Jian [*****.]
Gold:   0          SH: 10    Dex: 11    Spells: 6/6 levels left

rFire   . . .      SeeInvis .      - Unarmed
rCold   . . .      Faith    .    b - +0 kite shield
rNeg    . . .      Spirit   .    a - +0 robe
rPois   .          Reflect  .    (helmet restricted)
rElec   .          Rampage  .    (no cloak)
rCorr   .          NoTele   +    (gloves unavailable)
Will    .....                    (boots unavailable)
Stlth   +                        (no amulet)
HPRegen 1.13/turn                (no ring)
MPRegen 0.10/turn                (no ring)

@: no status effects
A: large, unfitting armour, claws 3, regeneration 1, shaggy fur 1, tough skin 1
a: Renounce Religion, Wall Jump, Serpent's Lash, Heavenly Storm


You were in the Dungeon.
You worshipped Wu Jian.
Wu Jian was extremely pleased with you.
You visited 1 branch

Inventory:

Missiles
 n - a boomerang (quivered)
Armour
 a - a +0 robe (worn)
 b - a +0 kite shield (worn)
Scrolls
 i - a scroll of blinking
 k - 5 scrolls of amnesia
 l - a scroll of summoning
Potions
 c - a potion of might
 d - 5 potions of curing
 e - 3 potions of heal wounds
 f - a potion of haste
 g - 4 potions of magic
 h - 3 potions of berserk rage
 j - 2 potions of invisibility
 m - a potion of lignification {unknown}


   Skills:
 + Level 7.0 Fighting
 + Level 7.0 Dodging
 + Level 7.7 Shields
 + Level 8.1 Unarmed Combat


You had 6 spell levels left.
You didn't know any spells.
Your spell library was empty.

Dungeon Overview and Level Annotations

Branches:
Dungeon (1/1)

Altars:
Ashenzari
Cheibriados
Dithmenos
Elyvilon
Fedhas
Gozag
Hepliaklqana
Kikubaaqudgha
Makhleb
Nemelex Xobeh
Okawaru
Qazlal
Ru
Sif Muna
Trog
Uskayaw
Vehumet
Wu Jian
Xom
Yredelemnul
Zin
The Shining One
Jiyva
Lugonu


Innate Abilities, Weirdness & Mutations

You are too large for most types of armour.
You have claws for hands.
Your natural rate of healing is unusually fast.
You are covered in fur. (AC +1)
You have tough skin. (AC +1)


Message History

The tyrant leech bites you!
The tyrant leech draws strength from your injuries!
You claw the tyrant leech!
The tyrant leech is heavily wounded.
The tyrant leech bites you.
The tyrant leech draws strength from your injuries!
You barely miss the tyrant leech.
The tyrant leech is heavily wounded.
The tyrant leech bites you!
* * * LOW HITPOINT WARNING * * *
The tyrant leech draws strength from your injuries!
You feel much better.
You scratch the tyrant leech.
The tyrant leech is moderately wounded.
The tyrant leech bites you!!
* * * LOW HITPOINT WARNING * * *
The tyrant leech draws strength from your injuries!
You claw the tyrant leech!
The tyrant leech is moderately wounded.
The tyrant leech bites you!
* * * LOW HITPOINT WARNING * * *
The tyrant leech draws strength from your injuries!
You feel much better. You block the tyrant leech's attack.
You claw the tyrant leech!
The tyrant leech is moderately wounded.
You claw the tyrant leech!
The tyrant leech is heavily wounded.
The tyrant leech bites you!!
* * * LOW HITPOINT WARNING * * *
The tyrant leech draws strength from your injuries!
You feel much better. The tyrant leech bites you!!
* * * LOW HITPOINT WARNING * * *
The tyrant leech draws strength from your injuries!
You scratch the tyrant leech.
The tyrant leech is moderately wounded.
You block the tyrant leech's attack.
You closely miss the tyrant leech.
The tyrant leech is moderately wounded.
The tyrant leech bites you!!
You die...

#.#.....#))##.......#
#.#.....#..##.......#
#.####†##'###...<...#
#)#........##.......#
#.#........##.......#
#'###########.......#
#.......#..##########
#..###..#.##
#.......#@#
##.###.##w#
#.......#)'..w.+
#..###..#†#....#
#.......†.#....#
########### ####


You could see a tyrant leech.

Vanquished Creatures
  Grinder (D)
  A redback (D)
  A floating eye (D)
  A kobold brigand (D)
  A necrophage (D)
  An orc wizard (D)
  2 adders (D)
  2 orcs (D)
  A bat skeleton (D)
  An endoplasm (D)
  2 hobgoblins (D)
  A kobold (D)
  A quokka (D)
  A ball python (D)
  3 goblins (D)
  2 rats (D)
22 creatures vanquished.

Notes
Turn   | Place    | Note
-------+----------+-------------------------------------------
     0 | D        | fozzywoppz the Troll Fighter began the quest for the Orb.
     0 | D        | Reached XP level 1. HP: 22/22 MP: 0/0
    38 | D        | Found a glowing golden altar of the Shining One.
    38 | D        | Found a glowing silver altar of Zin.
    38 | D        | Found a basalt altar of Yredelemnul.
    38 | D        | Found a shimmering altar of Xom.
    38 | D        | Found an ornate altar of the Wu Jian Council.
    38 | D        | Found a bloodstained altar of Trog.
    38 | D        | Found a shimmering blue altar of Sif Muna.
    38 | D        | Found a sacrificial altar of Ru.
    38 | D        | Found a stormy altar of Qazlal.
    38 | D        | Found an iron altar of Okawaru.
    38 | D        | Found a sparkling altar of Nemelex Xobeh.
    38 | D        | Found a burning altar of Makhleb.
    38 | D        | Found a viscous altar of Jiyva.
    38 | D        | Found a hazy altar of Hepliaklqana.
    38 | D        | Found an opulent altar of Gozag.
    38 | D        | Found a blossoming altar of Fedhas.
    38 | D        | Found a white marble altar of Elyvilon.
    38 | D        | Found a shadowy altar of Dithmenos.
    38 | D        | Found a snail-covered altar of Cheibriados.
    39 | D        | Found a radiant altar of Vehumet.
    39 | D        | Found a corrupted altar of Lugonu.
    40 | D        | Found a hide-covered altar of Uskayaw.
    40 | D        | Found an ancient bone altar of Kikubaaqudgha.
    40 | D        | Found a broken altar of Ashenzari.
    56 | D        | Became a worshipper of the Wu Jian Council
    82 | D        | Reached * piety under Wu Jian
    89 | D        | Noticed a floating eye
    93 | D        | Paralysed by a floating eye for 3 turns
    98 | D        | Reached ** piety under Wu Jian
    99 | D        | Reached XP level 2. HP: 29/29 MP: 1/1
   101 | D        | Paralysed by a floating eye for 2 turns
   104 | D        | Killed a floating eye
   105 | D        | Reached skill level 5 in Shields
   105 | D        | Reached skill level 5 in Unarmed Combat
   105 | D        | Reached XP level 3. HP: 40/40 MP: 2/2
   105 | D        | Reached XP level 4. HP: 49/49 MP: 3/3
   153 | D        | Noticed a kobold brigand
   153 | D        | Noticed Grinder
   160 | D        | Reached *** piety under Wu Jian
   164 | D        | Killed a kobold brigand
   165 | D        | Reached skill level 5 in Fighting
   165 | D        | Reached skill level 5 in Dodging
   165 | D        | Reached XP level 5. HP: 43/57 MP: 4/4
   170 | D        | Reached skill level 6 in Unarmed Combat
   177 | D        | Killed Grinder
   177 | D        | Reached **** piety under Wu Jian
   178 | D        | Reached skill level 7 in Unarmed Combat
   178 | D        | Reached XP level 6. HP: 68/68 MP: 5/5
   212 | D        | Reached ***** piety under Wu Jian
   228 | D        | Noticed a tyrant leech
   228 | D        | Noticed a redback
   237 | D        | Killed a redback
   238 | D        | Reached skill level 8 in Unarmed Combat
   238 | D        | Reached XP level 7. HP: 56/78 MP: 6/6
   251 | D        | HP: 2/78 [tyrant leech (13)]
   257 | D        | Mangled by a tyrant leech

Illustrated notes

Levels and vault maps discovered:
D:        pitsprint [storerooms_1, entrance_room_1, metal_vault_2, armoury_2,
          mini_pit_1, grid_room_1, main_hall_1, silver_pit, the_coven_3,
          the_vestibule_1, steel_vault_5, golden_pit, hallway_of_sentries,
          crystal_vault_2, iron_vault_5, final_vault]

Skill      XL: |  1  2  3  4  5  6 |
---------------+-------------------+-----
Shields        | 3 5 7 |  7.7
Fighting       | 4 5 6 7 |  7.0
Dodging        | 4 5 6 7 |  7.0
Unarmed Combat | 5 7 8 |  8.1

Action                     |  1- 3 |  4- 6 |  7- 9 || total
---------------------------+-------+-------+-------++-------
  Melee: Unarmed           |    27 |    38 |    17 ||    82
Ability: Lunge             |     1 |     1 |       ||     2
    Use: Potion            |       |     1 |     3 ||     4
 Armour: Robe              |     9 |     7 |       ||    16
  Dodge: Dodged            |     7 |     8 |     1 ||    16
  Block: Kite shield       |    10 |     9 |     5 ||    24

Table legend: (Time is in decaauts)
 A = Elapsed time spent in this place.
 B = Non-inter-level travel time spent in this place.
 C = Inter-level travel time spent in this place.
 D = Time resting spent in this place.
 E = Time spent auto-exploring this place.
 F = Levels seen in this place.
 G = Mean time per level.
                   A        B        C        D        E       F      G
               +--------+--------+--------+--------+--------+-----+--------+
         Total |    258 |    258 |      0 |      0 |      0 |   1 |  258.0 |
       Dungeon |    258 |    258 |      0 |      0 |      0 |   1 |  258.0 |
               +--------+--------+--------+--------+--------+-----+--------+

Top non-repeatable levels by time:
       D: 258 daAuts
